 Dungeon Crawl Stone Soup version 0.15.2 (webtiles) character file.

239 kae the Ruffian (level 5, -10/40 HPs)
             Began as a Draconian Transmuter on Feb 23, 2015.
             Mangled by an ice beast (13 damage)
             ... on Level 3 of the Dungeon.
             The game lasted 00:03:06 (3025 turns).

kae the Ruffian (Draconian Transmuter)              Turns: 3025, Time: 00:03:06

HP -10/40        AC  5     Str 13      XL: 5   Next: 79%
MP   9/9         EV 12     Int 13      God:
Gold 111         SH  0     Dex 12      Spells:  3 memorised,  2 levels left

rFire  . . .     SeeInvis .       - Unarmed
rCold  . . .     Clarity  .     (armour unavailable)
rNeg   . . .     rCorr    .     (no shield)
rPois  .         rRot     .     (helmet restricted)
rElec  .         Spirit   .     (no cloak)
SustAb .         Warding  .     (no gloves)
rMut   .         Stasis   .     (no boots)
Gourm  .                        (no amulet)
MR     .....                    (no ring)
                                (no ring)

@: not resistant to hostile enchantments, very unstealthy
A: unfitting armour, cold-blooded, AC +5
a: no special abilities


You were on level 3 of the Dungeon.
You were very hungry.

You visited 1 branch of the dungeon, and saw 3 of its levels.

You collected 111 gold pieces.

Inventory:

Missiles
 b - 31 arrows
Comestibles
 a - 6 bread rations
 f - a beef jerky
 k - a royal jelly
 l - 6 fruits
Scrolls
 e - 5 scrolls of identify {unknown}
 g - a scroll of random uselessness {unknown}
 j - 3 scrolls of enchant weapon {unknown}
 m - 2 scrolls of teleportation {unknown}
Potions
 c - a potion of brilliance {unknown}
 h - a potion of haste {unknown}
 i - a potion of heal wounds {unknown}
 n - a potion of agility {unknown}
 o - a potion of restore abilities {unknown}
Books
 d - a book of Changes

   Spells                             Type                      Level
   *Beastly Appendage                 Transmutation                1
   *Sticks to Snakes                  Transmutation                2
   *Spider Form                       Transmutation/Poison         3
   Ice Form                           Ice/Transmutation            4
   Blade Hands                        Transmutation                5


   Skills:
 - Level 1.1 Fighting
 - Level 1.7 Dodging
 * Level 5.6 Unarmed Combat
 - Level 2.0 Spellcasting
 + Level 3.8 Transmutations


You had 2 spell levels left.
You knew the following spells:

 Your Spells              Type           Power        Failure   Level  Hunger
a - Beastly Appendage     Trmt           ##....       8%          1    ##.....
b - Sticks to Snakes      Trmt           ##........   10%         2    ###....
c - Spider Form           Trmt/Pois      #.........   38%         3    ####...


Dungeon Overview and Level Annotations

Branches:
Dungeon (3/15)

Altars:
Makhleb
The Shining One


Innate Abilities, Weirdness & Mutations

Your plain brown scales are hard (AC +5).
Your body does not fit into most forms of armour.
Your cold-blooded metabolism reacts poorly to cold.


Message History

The ice beast is moderately wounded.
The ice beast hits you. The ice beast freezes you!
* * * LOW HITPOINT WARNING * * *
You are too injured to fight recklessly!
You are too injured to fight recklessly!
You are too injured to fight recklessly!
You are too injured to fight recklessly!
You are too injured to fight recklessly!
You are too injured to fight recklessly!
You are too injured to fight recklessly!
You are too injured to fight recklessly!
You closely miss the ice beast.
The ice beast is moderately wounded.
The ice beast hits you but does no damage.
You hit the ice beast but do no damage. You tail-slap the ice beast.
The ice beast is heavily wounded.
The ice beast hits you.
* * * LOW HITPOINT WARNING * * *
The ice beast freezes you!
You die...

..# ##. .....# #. ......#
.# #. #......####.# #.
#......#....# #.
#......#....# #.
#......#....# #.
.##.....Y#....# #.
.''....%@.....# #.
.#.......#.(.)####++####.
#...##'##...............
#.. #. #..(............ #
## #...............
#.#...............
#.#...............
#..#######.####...
####.#######'## #...


You could see an ice beast.

Vanquished Creatures
  4 orc priests
  2 adders
  3 worms
  2 giant geckos
  2 oozes
  10 orcs
  7 bats
  9 goblins
  6 hobgoblins
  9 jackals
  8 kobolds
  A quokka (D:3)
  A ball python (D:1)
  A giant cockroach (D:1)
  5 giant newts
  7 rats
77 creatures vanquished.

Notes
Turn   | Place    | Note
--------------------------------------------------------------
     0 | D:1      | kae, the Draconian Transmuter, began the quest for the Orb.
     0 | D:1      | Reached XP level 1. HP: 16/16 MP: 3/3
   302 | D:1      | Reached XP level 2. HP: 20/23 MP: 4/4
   629 | D:1      | Reached XP level 3. HP: 15/28 MP: 6/6
   770 | D:1      | Reached skill level 4 in Unarmed Combat
  1513 | D:2      | Reached XP level 4. HP: 17/35 MP: 7/7
  2024 | D:2      | Found a burning altar of Makhleb.
  2504 | D:2      | Learned a level 2 spell: Sticks to Snakes
  2508 | D:2      | Learned a level 3 spell: Spider Form
  2521 | D:2      | Reached skill level 5 in Unarmed Combat
  2521 | D:2      | Reached XP level 5. HP: 21/40 MP: 6/9
  2956 | D:3      | Found a glowing golden altar of the Shining One.
  3010 | D:3      | Noticed an ice beast
  3025 | D:3      | Mangled by an ice beast

Action                   |  1- 3 |  4- 6 || total
-------------------------+-------+-------++-------
Melee: Unarmed           |   153 |   131 ||   284
 Cast: Beastly Appendage |     4 |     5 ||     9
       Spider Form       |       |     1 ||     1
  Eat: Chunk             |     2 |     4 ||     6
